 Dungeon Crawl Stone Soup version 0.25-a0-302-g9f758675c1 (webtiles) character file.

Game seed: 10493528951574182234, levelgen mode: deterministic

259 MoonlitKnight the Charmwright (level 6, -1/50 HPs)
             Began as a Gnoll Skald on Dec 20, 2019.
             Succumbed to an orc wizard's poison
             ... on level 4 of the Dungeon.
             The game lasted 00:08:50 (2715 turns).

MoonlitKnight the Charmwright (Gnoll Skald)         Turns: 2715, Time: 00:08:51

Health: -1/50      AC:  7    Str: 14    XL:     6   Next: 17%
Magic:  6/13       EV: 13    Int: 16    God:
Gold:   247        SH:  0    Dex: 15    Spells: 4/15 levels left

rFire    . . .     SeeInvis .   a - +0 spear
rCold    . . .     Gourm    .   (no shield)
rNeg     . . .     Faith    .   h - +0 ring mail
rPois    .         Spirit   .   v - +0 helmet
rElec    .         Reflect  .   x - scarf {repulsion}
rCorr    .         Harm     .   (no gloves)
MR       .....                  t - +0 pair of boots
Stlth    +.........             (no amulet)
HPRegen  0.16/turn              (no ring)
MPRegen  0.13/turn              (no ring)

@: lethally poisoned (-1 -> -13), very slightly contaminated, repel missiles
A: distributed training, fangs 1, strong nose
a: no special abilities


You were on level 4 of the Dungeon.
You were hungry.

You visited 1 branch of the dungeon, and saw 4 of its levels.

You collected 247 gold pieces.

Inventory:

Hand Weapons
 a - a +0 spear (weapon)
 b - a +0 hunting sling
Missiles
 i - 13 poisoned darts (quivered)
 p - 10 sling bullets
Armour
 h - a +0 ring mail (worn)
 t - a +0 pair of boots (worn)
 v - a +0 helmet (worn)
 x - a scarf of repulsion (worn)
Wands
 w - a wand of flame (13)
Scrolls
 c - a scroll of remove curse
 g - a scroll of teleportation {unknown}
 k - 4 scrolls of identify {unknown}
 q - a scroll of fog {unknown}
 s - 2 scrolls of blinking {unknown}
 u - a scroll of amnesia {unknown}
 y - a scroll of magic mapping {unknown}
 B - a scroll of enchant weapon {unknown}
 C - a scroll of immolation {unknown}
Potions
 e - 2 potions of curing {unknown}
 f - 2 potions of heal wounds {unknown}
 j - a potion of haste {unknown}
 l - 2 potions of flight {unknown}
 m - a potion of cancellation {unknown}
 n - a potion of mutation {unknown}
 r - a potion of agility
 z - a potion of brilliance {unknown}
Comestibles
 d - 7 rations
 A - 4 chunks of flesh


   Skills:
 + Level 4.9 Fighting
 + Level 1.8 Short Blades
 + Level 1.8 Long Blades
 + Level 1.8 Axes
 + Level 1.8 Maces & Flails
 + Level 4.9 Polearms
 + Level 1.8 Staves
 + Level 1.8 Slings
 + Level 1.8 Bows
 + Level 1.8 Crossbows
 + Level 1.8 Throwing
 + Level 3.1 Armour
 + Level 4.9 Dodging
 + Level 1.8 Stealth
 + Level 1.8 Shields
 + Level 1.8 Unarmed Combat
 + Level 5.3 Spellcasting
 + Level 1.4 Conjurations
 + Level 1.4 Hexes
 + Level 5.6 Charms
 + Level 1.4 Summonings
 + Level 1.4 Necromancy
 + Level 1.4 Translocations
 + Level 1.4 Transmutations
 + Level 1.4 Fire Magic
 + Level 1.4 Ice Magic
 + Level 1.4 Air Magic
 + Level 1.4 Earth Magic
 + Level 1.4 Poison Magic
 + Level 2.0 Invocations
 + Level 1.8 Evocations


You had 4 spell levels left.
You knew the following spells:

 Your Spells              Type           Power        Failure   Level  Hunger
a - Spectral Weapon       Hex/Chrm       ###.....     21%         3    ###....
b - Shroud of Golubria    Chrm/Tloc      ###...       11%         2    #......
c - Infusion              Chrm           ###.         3%          1    None
d - Regeneration          Chrm/Necr      ###.......   21%         3    ###....
e - Song of Slaying       Chrm           ###.....     4%          2    #......

Your spell library contained the following spells:

 Spells                   Type           Power        Failure   Level  Hunger


Dungeon Overview and Level Annotations

Branches:
Dungeon (4/15)
 Temple: D:4-7

Altars:
Dithmenos
Xom
Beogh


Innate Abilities, Weirdness & Mutations

Your experience applies equally to all skills.
You have very sharp teeth.
Your uncanny sense of smell can sniff out nearby items.


Message History

Your skin crawls.
* * * LOW HITPOINT WARNING * * *
You feel very sick.
You feel sick.
Your skin is crawling a little less now.
You feel sick.
You feel sick.
Your spectral weapon fades away.
You feel sick.
An ogre comes into view. It is wielding a +0 giant club.
You feel sick.
You feel sick.
The ogre shouts!
You feel sick.
Your skin stops crawling.
* * * LOW HITPOINT WARNING * * *
You feel sick.
* * * LOW HITPOINT WARNING * * *
You feel sick.
You die...

# #.####..#
#.##.##.#.....####
.................# #.
#...#......# #.
#..###.....#
#.#####..###.....#
######..#......##.....#
......).#.####.#......#
.....O)).@####........#
####...$..##......#..#####
#.####..#.###.รท)....... #
##...# #.......... #####
#.......... #....<.....
###########


You could see an ogre.

Vanquished Creatures
  An orc priest (D:3)
  An iguana (D:2)
  Terence (D:2)
  2 orc wizards
  Robin (D:2)
  2 adders (D:2)
  3 worms
  3 leopard geckos (D:1)
  8 orcs
  A ball python (D:2)
  2 giant cockroaches
  10 goblins
  6 hobgoblins
  12 jackals
  A quokka (D:4)
  6 bats
  6 frilled lizards
  6 kobolds
  7 rats
79 creatures vanquished.

Notes
Turn   | Place    | Note
-------+----------+-------------------------------------------
     0 | D:1      | MoonlitKnight the Gnoll Skald began the quest for the Orb.
     0 | D:1      | Reached XP level 1. HP: 20/20 MP: 6/6
   155 | D:1      | Reached XP level 2. HP: 23/26 MP: 7/7
   169 | D:1      | Learned a level 2 spell: Shroud of Golubria
   351 | D:1      | Reached XP level 3. HP: 28/31 MP: 9/9
   359 | D:1      | Learned a level 3 spell: Spectral Weapon
   363 | D:1      | Learned a level 3 spell: Regeneration
   366 | D:1      | Learned a level 2 spell: Song of Slaying
   518 | D:2      | Noticed Terence
   525 | D:2      | Reached skill level 5 in Spellcasting
   541 | D:2      | Killed Terence
   541 | D:2      | Reached skill level 1 in Invocations
   636 | D:2      | Reached skill level 1 in Short Blades
   636 | D:2      | Reached skill level 1 in Long Blades
   636 | D:2      | Reached skill level 1 in Axes
   636 | D:2      | Reached skill level 1 in Maces & Flails
   636 | D:2      | Reached skill level 1 in Staves
   636 | D:2      | Reached skill level 1 in Slings
   636 | D:2      | Reached skill level 1 in Bows
   636 | D:2      | Reached skill level 1 in Crossbows
   636 | D:2      | Reached skill level 1 in Throwing
   636 | D:2      | Reached skill level 1 in Stealth
   636 | D:2      | Reached skill level 1 in Shields
   636 | D:2      | Reached skill level 1 in Unarmed Combat
   636 | D:2      | Reached skill level 1 in Evocations
   702 | D:2      | Noticed Robin
   704 | D:2      | Reached XP level 4. HP: 38/38 MP: 3/11
   732 | D:2      | Killed Robin
   873 | D:2      | Reached skill level 1 in Conjurations
   873 | D:2      | Reached skill level 1 in Hexes
   873 | D:2      | Reached skill level 1 in Summonings
   873 | D:2      | Reached skill level 1 in Necromancy
   873 | D:2      | Reached skill level 1 in Translocations
   873 | D:2      | Reached skill level 1 in Transmutations
   873 | D:2      | Reached skill level 1 in Fire Magic
   873 | D:2      | Reached skill level 1 in Ice Magic
   873 | D:2      | Reached skill level 1 in Air Magic
   873 | D:2      | Reached skill level 1 in Earth Magic
   873 | D:2      | Reached skill level 1 in Poison Magic
  1322 | D:2      | Found a shimmering altar of Xom.
  1322 | D:2      | Found a shadowy altar of Dithmenos.
  1369 | D:2      | Reached XP level 5. HP: 19/43 MP: 8/12
  2049 | D:3      | Found a roughly hewn altar of Beogh.
  2634 | D:4      | Reached XP level 6. HP: 45/50 MP: 10/13
  2711 | D:4      | HP: 2/50 [poisoned by an orc wizard]
  2715 | D:4      | Succumbed to an orc wizard's poison

Levels and vault maps discovered:
D:1:      minmay_arrival_four_houses, layout_basic
D:2:      layout_basic, gammafunk_temple_overflow_wave, first_ration,
          uniq_robin, uniq_terence
D:3:      layout_loops_corners, kennysheep_orc_chapel
D:4:      minmay_diamond_boxcup, layout_rooms

Skill      XL: |  1  2  3  4  5  6 |
---------------+-------------------+-----
Spellcasting   | 5 |  5.3
Invocations    | 1 2 |  2.0
Short Blades   | 1 |  1.8
Long Blades    | 1 |  1.8
Axes           | 1 |  1.8
Maces & Flails | 1 |  1.8
Staves         | 1 |  1.8
Slings         | 1 |  1.8
Bows           | 1 |  1.8
Crossbows      | 1 |  1.8
Throwing       | 1 |  1.8
Stealth        | 1 |  1.8
Shields        | 1 |  1.8
Unarmed Combat | 1 |  1.8
Evocations     | 1 |  1.8
Conjurations   | 1 |  1.4
Hexes          | 1 |  1.4
Summonings     | 1 |  1.4
Necromancy     | 1 |  1.4
Translocations | 1 |  1.4
Transmutations | 1 |  1.4
Fire Magic     | 1 |  1.4
Ice Magic      | 1 |  1.4
Air Magic      | 1 |  1.4
Earth Magic    | 1 |  1.4
Poison Magic   | 1 |  1.4
Armour         | 3 |  3.1
Fighting       | |  4.9
Polearms       | |  4.9
Dodging        | |  4.9
Charms         | |  5.6

Action                   |  1- 3 |  4- 6 || total
-------------------------+-------+-------++-------
Melee: Spear             |    94 |   199 ||   293
       Bite              |     4 |    27 ||    31
       Punch             |     1 |     1 ||     2
 Fire: Hunting sling     |       |     4 ||     4
Throw: Dart              |       |    11 ||    11
 Cast: Spectral Weapon   |     2 |     7 ||     9
       Regeneration      |     1 |     2 ||     3
       Infusion          |       |     1 ||     1
  Use: Scroll            |       |     1 ||     1
 Stab: Distracted        |       |     2 ||     2
  Eat: Chunk             |       |     3 ||     3
       Ration            |       |     1 ||     1
Armor: Ring mail         |    23 |    52 ||    75
Dodge: Dodged            |    47 |    85 ||   132

Table legend:
 A = Non-vault XP
 B = Vault XP
 C = Vault XP percentage of total XP
 D = Non-vault monster count
 E = Vault monster count
 F = Vault count percentage of total count
                 A         B        C        D         E       F
            +---------+---------+-------+---------+---------+-------
      Total |     216 |     154 |  41.6 |      62 |      17 |  21.5
            +---------+---------+-------+---------+---------+-------
        D:1 |      37 |       0 |   0.0 |      22 |       0 |   0.0
        D:2 |      93 |      69 |  42.6 |      18 |      12 |  40.0
        D:3 |      31 |      85 |  73.3 |      15 |       5 |  25.0
        D:4 |      55 |       0 |   0.0 |       7 |       0 |   0.0
            +---------+---------+-------+---------+---------+-------
